[Event "Austrian Youth-ch U16 Girls 2024"]
[Site "Leibnitz"]
[Date "2024.03.25"]
[Round "3.1"]
[White "Brunner, Josephina Akiko"]
[Black "Giselbrecht, Leefke"]
[Result "1/2-1/2"]
[ECO "B36"]
[WhiteElo "1697"]
[BlackElo "1695"]
[Annotator "NA RC"]
[PlyCount "88"]
[EventDate "2024.03.23"]
[EventType "swiss"]
[EventCountry "AUT"]
[SourceTitle "playchess.com"]
[Source "ChessBase"]
[SourceQuality "1"]
[TimeControl "5400+30"]

1. e4 c5 2. Nf3 Nc6 3. d4 cxd4 4. Nxd4 g6 5. c4 Nf6 6. Nc3 Nxd4 7. Qxd4 d6 8. Be2 Bg7 9. Be3 O-O 10. Qd2 Be6 11. O-O a6 12. f4 Rc8 13. b3 Bg4 14. Rac1 Bxe2 15. Qxe2 Qa5 16. Bd2 Qc5+ 17. Kh1 Qh5 18. Qxh5 Nxh5 19. Nd5 Rfe8 20. g4 Nf6 21. Nxf6+ Bxf6 22. Bc3 Bxc3 23. Rxc3 b5 24. Rfc1 b4 25. Rd3 Rc5 26. Rd5 Rec8 27. Rcd1 Kf8 28. Kg2 f6 29. f5 Kf7 30. h4 g5 31. h5 h6 32. Kf3 Ke8 33. Ke3 Kd7 34. Rxc5 Rxc5 35. Kd4 Ra5 36. Rd2 e6 37. fxe6+ Kxe6 38. Re2 Ra3 39. c5 dxc5+ 40. Kxc5 a5 41. Kd4 Kd6 42. Rf2 Ke6 43. Re2 Kd6 44. Rf2 Ke6 1/2-1/2

[Event "Austrian Youth-ch U16 Girls 2024"]
[Site "Leibnitz"]
[Date "2024.03.25"]
[Round "3.2"]
[White "Kotliar, Anfisa"]
[Black "Theurl, Rafaela"]
[Result "1-0"]
[ECO "C41"]
[WhiteElo "1644"]
[BlackElo "1684"]
[Annotator "NA RC"]
[PlyCount "57"]
[EventDate "2024.03.23"]
[EventType "swiss"]
[EventCountry "AUT"]
[SourceTitle "playchess.com"]
[Source "ChessBase"]
[SourceQuality "1"]
[TimeControl "5400+30"]

1. e4 e5 2. Nf3 d6 3. Bc4 Nf6 4. Ng5 d5 5. exd5 Nxd5 6. d4 Be7 7. Nxf7 Kxf7 8. Qf3+ Ke6 9. O-O Rf8 10. Qg4+ Kf7 11. Qf3+ Ke6 12. Qh3+ Kd6 13. dxe5+ Kc5 14. Qb3 a6 15. Rd1 Be6 16. Nc3 Bg5 17. Bxd5 b5 18. Bxg5 Bxd5 19. Rxd5+ Kc6 20. Rxd8 Rxd8 21. Bxd8 Kb6 22. Rd1 Nc6 23. Nd5+ Kb7 24. Bxc7 Ne7 25. Nxe7 Kxc7 26. Qd5 Rf8 27. Qc6+ Kb8 28. Rd7 g6 29. Qb7# 1-0

[Event "Austrian Youth-ch U16 Girls 2024"]
[Site "Leibnitz"]
[Date "2024.03.25"]
[Round "3.3"]
[White "Poetscher, Katharina"]
[Black "Donets, Alina"]
[Result "1-0"]
[ECO "C48"]
[WhiteElo "1794"]
[BlackElo "1658"]
[Annotator "NA RC"]
[PlyCount "91"]
[EventDate "2024.03.23"]
[EventType "swiss"]
[EventCountry "AUT"]
[SourceTitle "playchess.com"]
[Source "ChessBase"]
[SourceQuality "1"]
[TimeControl "5400+30"]

1. e4 e5 2. Nf3 Nc6 3. Bb5 Bc5 4. O-O d6 5. d4 exd4 6. Nxd4 Bd7 7. Nxc6 bxc6 8. Bc4 Nf6 9. Nc3 Be6 10. Bxe6 fxe6 11. e5 dxe5 12. Qe2 O-O 13. Qxe5 Qd6 14. Qe2 h5 15. h3 Rae8 16. Bg5 Nd5 17. Rad1 Nxc3 18. bxc3 Qg3 19. Be3 Bxe3 20. fxe3 Rxf1+ 21. Rxf1 Rd8 22. Kh1 Qe5 23. Qf3 Rd7 24. Qxc6 Rd2 25. Qa8+ Kh7 26. Qxa7 Qe4 27. Rg1 Rxc2 28. Qxc7 Rxa2 29. Qc5 Kh6 30. Qd4 Qxd4 31. exd4 Rc2 32. Re1 Rxc3 33. Rxe6+ Kg5 34. Re5+ Kh4 35. Kh2 Rc2 36. Re4+ Kg5 37. Kg3 Kf5 38. Kf3 Rf2+ 39. Kxf2 Kxe4 40. Kg3 Kxd4 41. Kh4 Ke4 42. Kxh5 Kf4 43. Kg6 Kg3 44. Kxg7 Kxg2 45. h4 Kh3 46. h5 1-0

[Event "Austrian Youth-ch U16 Girls 2024"]
[Site "Leibnitz"]
[Date "2024.03.25"]
[Round "3.4"]
[White "Luca, Iana"]
[Black "Gaisberger, Nina"]
[Result "1/2-1/2"]
[ECO "A37"]
[WhiteElo "1452"]
[BlackElo "1711"]
[Annotator "NA RC"]
[PlyCount "167"]
[EventDate "2024.03.23"]
[EventType "swiss"]
[EventCountry "AUT"]
[SourceTitle "playchess.com"]
[Source "ChessBase"]
[SourceQuality "1"]
[TimeControl "5400+30"]

1. c4 c5 2. Nc3 Nc6 3. g3 g6 4. Bg2 Bg7 5. Nf3 d6 6. O-O Bf5 7. d3 Qd7 8. Rb1 Bh3 9. a3 Bxg2 10. Kxg2 e6 11. e4 Nge7 12. Re1 O-O 13. Be3 Rad8 14. Qc2 f5 15. b4 fxe4 16. dxe4 Nd4 17. Bxd4 cxd4 18. Ne2 e5 19. h3 Rc8 20. Qb3 Kh8 21. b5 Ng8 22. Rec1 Nf6 23. Qd3 Qe7 24. Rb3 Nd7 25. Rb4 Nc5 26. Qb1 b6 27. Rd1 Qf7 28. Neg1 Bh6 29. Qc2 Rc7 30. h4 Rfc8 31. Nh3 Nd7 32. Nhg5 Bxg5 33. Nxg5 Qg8 34. Rc1 h6 35. Nh3 Qf7 36. Qd2 Kg7 37. Qc2 Nf6 38. f3 d5 39. exd5 Nxd5 40. Qe2 Nxb4 41. axb4 Qe7 42. Nf2 Re8 43. Nd3 Qe6 44. c5 bxc5 45. Nxc5 Qe7 46. Ne6+ Qxe6 47. Rxc7+ Re7 48. Qc2 Qf7 49. Rc5 Qf5 50. Qd2 d3 51. g4 Qd7 52. Rc3 e4 53. Kf1 Qxb5 54. fxe4 Rxe4 55. Rxd3 Rxg4 56. Qc3+ Kf7 57. Qc7+ Kf6 58. Qd6+ Kf5 59. Kf2 Qb6+ 60. Qc5+ Qxc5+ 61. bxc5 Rc4 62. Ra3 Rxc5 63. Rxa7 Rc4 64. h5 Rf4+ 65. Kg3 Rg4+ 66. Kf3 gxh5 67. Ra8 Rg1 68. Rf8+ Ke6 69. Ra8 Kf7 70. Ra7+ Kg8 71. Ra8+ Kh7 72. Ra7+ Rg7 73. Ra4 Rf7+ 74. Kg3 Kg6 75. Ra6+ Rf6 76. Ra8 Kg5 77. Rg8+ Rg6 78. Ra8 h4+ 79. Kh3 Kh5 80. Ra5+ Rg5 81. Ra3 Rf5 82. Ra4 Rf3+ 83. Kg2 Rg3+ 84. Kh2 1/2-1/2

[Event "Austrian Youth-ch U16 Girls 2024"]
[Site "Leibnitz"]
[Date "2024.03.26"]
[Round "4.1"]
[White "Brunner, Josephina Akiko"]
[Black "Kotliar, Anfisa"]
[Result "1-0"]
[ECO "B07"]
[WhiteElo "1697"]
[BlackElo "1644"]
[Annotator "NA RC"]
[PlyCount "59"]
[EventDate "2024.03.23"]
[EventType "swiss"]
[EventCountry "AUT"]
[SourceTitle "playchess.com"]
[Source "ChessBase"]
[SourceQuality "1"]
[TimeControl "5400+30"]

1. e4 d6 2. d4 Nf6 3. Nc3 g6 4. Bg5 Bg7 5. e5 dxe5 6. dxe5 Qxd1+ 7. Rxd1 Nfd7 8. Nd5 Bxe5 9. Nf3 Bd6 10. Bxe7 c6 11. Bxd6 cxd5 12. Rxd5 Nc6 13. Be2 f6 14. O-O Kf7 15. Bc5 Nde5 16. Nxe5+ Nxe5 17. f4 Be6 18. Rd6 Nc4 19. Rxe6 Kxe6 20. Bxc4+ Kd7 21. Bb5+ Kc7 22. Re1 a6 23. Re7+ Kb8 24. Be2 a5 25. Bf3 a4 26. Rxb7+ Kc8 27. Bd6 Kd8 28. Bc6 a3 29. bxa3 h5 30. Rd7+ 1-0

[Event "Austrian Youth-ch U16 Girls 2024"]
[Site "Leibnitz"]
[Date "2024.03.26"]
[Round "4.2"]
[White "Giselbrecht, Leefke"]
[Black "Poetscher, Katharina"]
[Result "0-1"]
[ECO "C24"]
[WhiteElo "1695"]
[BlackElo "1794"]
[Annotator "NA RC"]
[PlyCount "156"]
[EventDate "2024.03.23"]
[EventType "swiss"]
[EventCountry "AUT"]
[SourceTitle "playchess.com"]
[Source "ChessBase"]
[SourceQuality "1"]
[TimeControl "5400+30"]

1. e4 e5 2. Bc4 Nf6 3. d3 c6 4. Nf3 d5 5. Bb3 a5 6. a4 Bb4+ 7. c3 Bd6 8. Nbd2 O-O 9. O-O Nbd7 10. Re1 Nc5 11. Bc2 Bg4 12. h3 Bh5 13. Nf1 Re8 14. Ng3 Bg6 15. Bd2 Bc7 16. Qc1 dxe4 17. dxe4 Nd3 18. Bxd3 Qxd3 19. Re3 Qd8 20. Qe1 Bb6 21. Re2 Nd7 22. Be3 f6 23. Nh4 Nc5 24. Ra3 Bf7 25. Rd2 Qc7 26. Qd1 Red8 27. Nhf5 Rxd2 28. Qxd2 Rd8 29. Qe2 Be6 30. b4 axb4 31. cxb4 Nb3 32. a5 Bxe3 33. Qxe3 Nd4 34. Rd3 Nxf5 35. Nxf5 Bxf5 36. exf5 Rd6 37. Qd2 Rxd3 38. Qxd3 Qe7 39. Qc4+ Kf8 40. b5 cxb5 41. Qxb5 Qc7 42. Qb4+ Qe7 43. Qc4 Qd7 44. Qb4+ Ke8 45. Qe4 Qc7 46. Qa4+ Kd8 47. Qd1+ Ke7 48. Qd2 Qd7 49. Qb4+ Ke8 50. Qb1 Qc7 51. Qb5+ Qd7 52. Qb1 Qd5 53. Qb6 Kd7 54. a6 bxa6 55. Qxa6 Qc6 56. Qa7+ Qc7 57. Qxc7+ Kxc7 58. g4 Kd6 59. f3 Kd5 60. Kf2 Kd4 61. Ke2 h6 62. Kf2 e4 63. fxe4 Kxe4 64. Kg3 h5 65. Kh4 hxg4 66. hxg4 Kf4 67. Kh5 Kf3 68. g5 Kf4 69. gxf6 gxf6 70. Kh4 Kxf5 71. Kg3 Kg5 72. Kf3 Kf5 73. Kf2 Kf4 74. Kg2 Ke3 75. Kf1 f5 76. Ke1 f4 77. Kf1 Kf3 78. Ke1 Kg2 0-1

[Event "Austrian Youth-ch U16 Girls 2024"]
[Site "Leibnitz"]
[Date "2024.03.26"]
[Round "5.1"]
[White "Poetscher, Katharina"]
[Black "Brunner, Josephina Akiko"]
[Result "1-0"]
[ECO "C88"]
[WhiteElo "1794"]
[BlackElo "1697"]
[Annotator "NA RC"]
[PlyCount "71"]
[EventDate "2024.03.23"]
[EventType "swiss"]
[EventCountry "AUT"]
[SourceTitle "playchess.com"]
[Source "ChessBase"]
[SourceQuality "1"]
[TimeControl "5400+30"]

1. e4 e5 2. Nf3 Nc6 3. Bb5 a6 4. Ba4 Nf6 5. O-O Be7 6. Re1 b5 7. Bb3 O-O 8. d4 Nxd4 9. Nxd4 exd4 10. e5 Ne8 11. Qxd4 Bb7 12. c3 d6 13. e6 fxe6 14. Bxe6+ Kh8 15. Nd2 Bh4 16. g3 Be7 17. Ne4 d5 18. Nc5 Bxc5 19. Qxc5 Qf6 20. Bg5 Qf3 21. Bf4 Nd6 22. Re3 Qh5 23. Qxc7 Rxf4 24. gxf4 Qg6+ 25. Rg3 Qf6 26. Qxd6 Re8 27. Qd7 Rxe6 28. Qxb7 h6 29. Qxd5 Rd6 30. Qe5 Qf8 31. Re1 Rd8 32. Qe7 Qg8 33. Kf1 Qc4+ 34. Kg1 Qg8 35. Re6 Rd1+ 36. Kg2 1-0

[Event "Austrian Youth-ch U16 Girls 2024"]
[Site "Leibnitz"]
[Date "2024.03.26"]
[Round "5.3"]
[White "Kotliar, Anfisa"]
[Black "Giselbrecht, Leefke"]
[Result "1/2-1/2"]
[ECO "B25"]
[WhiteElo "1644"]
[BlackElo "1695"]
[Annotator "NA RC"]
[PlyCount "112"]
[EventDate "2024.03.23"]
[EventType "swiss"]
[EventCountry "AUT"]
[SourceTitle "playchess.com"]
[Source "ChessBase"]
[SourceQuality "1"]
[TimeControl "5400+30"]

1. e4 c5 2. Nc3 Nc6 3. f4 g6 4. Nf3 Bg7 5. d3 d6 6. g3 e6 7. Be3 Nge7 8. Bg2 O-O 9. O-O b6 10. d4 d5 11. exd5 Nf5 12. Bf2 Ncxd4 13. Nxd4 cxd4 14. dxe6 Bxe6 15. Nb5 Bc4 16. Bxa8 Bxf1 17. Qxf1 Qxa8 18. g4 Ne3 19. Bxe3 dxe3 20. c3 Qb7 21. Re1 a6 22. Na3 Qe4 23. Nc4 Qe6 24. f5 gxf5 25. gxf5 e2 26. fxe6 exf1=Q+ 27. Rxf1 fxe6 28. Rxf8+ Bxf8 29. Kg2 b5 30. Ne5 Kg7 31. Nc6 Bd6 32. h3 Kf6 33. a3 e5 34. Nb4 a5 35. Nc6 Bc7 36. Na7 b4 37. cxb4 axb4 38. axb4 Ke6 39. Kf3 Kd5 40. b5 e4+ 41. Ke2 Kc4 42. Nc8 Kxb5 43. Ke3 Be5 44. b3 Kb4 45. Kxe4 Bb2 46. Kf5 Kxb3 47. Nd6 Bc1 48. Nf7 Kc4 49. Ng5 h6 50. Nf7 Kd5 51. Ne5 Bd2 52. Ng4 Bc1 53. h4 Kd6 54. h5 Ke7 55. Kg6 Kf8 56. Nf6 Bd2 1/2-1/2

[Event "Austrian Youth-ch U16 Girls 2024"]
[Site "Leibnitz"]
[Date "2024.03.26"]
[Round "5.4"]
[White "Antenreiter, Lena"]
[Black "Gaisberger, Nina"]
[Result "1-0"]
[ECO "C52"]
[WhiteElo "1579"]
[BlackElo "1711"]
[Annotator "NA RC"]
[PlyCount "39"]
[EventDate "2024.03.23"]
[EventType "swiss"]
[EventCountry "AUT"]
[SourceTitle "playchess.com"]
[Source "ChessBase"]
[SourceQuality "1"]
[TimeControl "5400+30"]

1. e4 e5 2. Nf3 Nc6 3. Bc4 Bc5 4. b4 Bxb4 5. c3 Ba5 6. d4 exd4 7. O-O Nge7 8. Bxf7+ Kxf7 9. Ng5+ Ke8 10. Qf3 Ne5 11. Qh5+ g6 12. Qh4 N7c6 13. f4 Nf7 14. f5 h6 15. fxg6 Nxg5 16. g7 Nf3+ 17. Rxf3 Qxh4 18. gxh8=Q+ Ke7 19. Qf8+ Ke6 20. Qf7+ 1-0

[Event "Austrian Youth-ch U16 Girls 2024"]
[Site "Leibnitz"]
[Date "2024.03.27"]
[Round "6.2"]
[White "Brunner, Josephina Akiko"]
[Black "Theurl, Rafaela"]
[Result "1-0"]
[ECO "B01"]
[WhiteElo "1697"]
[BlackElo "1684"]
[Annotator "NA RC"]
[PlyCount "83"]
[EventDate "2024.03.23"]
[EventType "swiss"]
[EventCountry "AUT"]
[SourceTitle "playchess.com"]
[Source "ChessBase"]
[SourceQuality "1"]
[TimeControl "5400+30"]

1. e4 d5 2. exd5 Qxd5 3. Nc3 Qa5 4. d4 Nf6 5. Nf3 Bg4 6. h3 Bd7 7. Bc4 e6 8. O-O Bd6 9. Bd2 O-O 10. Nd5 Qa4 11. b3 Qc6 12. Nxf6+ gxf6 13. Nh4 Qe4 14. Qh5 Qxd4 15. Bd3 f5 16. Bh6 Re8 17. Qg5+ Kh8 18. c3 Qxc3 19. Rac1 Qe5 20. Nf3 Qb2 21. Rc2 Be7 22. Rxb2 Bxg5 23. Nxg5 Kg8 24. g4 f6 25. Nf3 fxg4 26. hxg4 e5 27. Bc4+ Kh8 28. Kh2 Bxg4 29. Rg1 Be6 30. Bxe6 Rxe6 31. Bg7+ Kg8 32. Bxf6+ Kf7 33. Bxe5 Rh6+ 34. Kg2 c6 35. Kf1 b6 36. Rd2 Na6 37. Rg7+ Kf8 38. Rdd7 Nc5 39. Rdf7+ Ke8 40. Re7+ Kf8 41. Ng5 Re8 42. Ref7# 1-0

[Event "Austrian Youth-ch U16 Girls 2024"]
[Site "Leibnitz"]
[Date "2024.03.27"]
[Round "6.3"]
[White "Schirmbeck, Klara"]
[Black "Kotliar, Anfisa"]
[Result "0-1"]
[ECO "A12"]
[WhiteElo "1515"]
[BlackElo "1644"]
[Annotator "NA RC"]
[PlyCount "74"]
[EventDate "2024.03.23"]
[EventType "swiss"]
[EventCountry "AUT"]
[SourceTitle "playchess.com"]
[Source "ChessBase"]
[SourceQuality "1"]
[TimeControl "5400+30"]

1. Nf3 c6 2. g3 d5 3. Bg2 Nf6 4. O-O Bf5 5. d3 e6 6. b3 Be7 7. Bb2 O-O 8. c4 Nbd7 9. Nbd2 Rc8 10. Nh4 Bg6 11. Nxg6 hxg6 12. f4 Ng4 13. Qc1 Bf6 14. Nf3 dxc4 15. Bxf6 gxf6 16. bxc4 e5 17. h3 Nh6 18. fxe5 Nf5 19. g4 Ng7 20. exf6 Nxf6 21. Rb1 Re8 22. Qf4 Ne6 23. Qd2 b6 24. Qc3 Rc7 25. Rf2 Nf4 26. Ne5 Nxg2 27. Kxg2 Qd6 28. Nxg6 fxg6 29. Rxf6 Rxe2+ 30. Rf2 Rxf2+ 31. Kxf2 Qh2+ 32. Ke3 Re7+ 33. Kf3 Qxh3+ 34. Kf2 Qe3+ 35. Kg2 Qe2+ 36. Kh1 Qf3+ 37. Kg1 Re2 0-1

[Event "Austrian Youth-ch U16 Girls 2024"]
[Site "Leibnitz"]
[Date "2024.03.27"]
[Round "6.4"]
[White "Giselbrecht, Leefke"]
[Black "Luca, Iana"]
[Result "1-0"]
[ECO "B13"]
[WhiteElo "1695"]
[BlackElo "1452"]
[Annotator "NA RC"]
[PlyCount "109"]
[EventDate "2024.03.23"]
[EventType "swiss"]
[EventCountry "AUT"]
[SourceTitle "playchess.com"]
[Source "ChessBase"]
[SourceQuality "1"]
[TimeControl "5400+30"]

1. e4 c6 2. d4 d5 3. exd5 cxd5 4. Bd3 Nf6 5. c3 Bg4 6. Qb3 Qc7 7. Nd2 Nc6 8. Ngf3 e6 9. O-O Bd6 10. Re1 O-O 11. h3 Bh5 12. a3 a6 13. Qc2 Bxf3 14. Nxf3 h6 15. Bd2 Rac8 16. Re2 Rfe8 17. Rae1 Qb6 18. Qb1 Na5 19. Ne5 Re7 20. f4 Nc4 21. Bxc4 dxc4 22. f5 Bxe5 23. Rxe5 Rc6 24. fxe6 Rcxe6 25. Rxe6 Rxe6 26. Rxe6 fxe6 27. Bxh6 Kf7 28. Bc1 Qb3 29. Bg5 Qb5 30. h4 Nd5 31. Qf1+ Nf6 32. Bc1 Qb6 33. Qxc4 Qd6 34. Qc8 b5 35. Qb7+ Kg6 36. Qf3 a5 37. Qd3+ Kf7 38. Qxb5 Qg3 39. Qg5 Qe1+ 40. Kh2 Ng4+ 41. Qxg4 Qxc1 42. Qh5+ Kf8 43. Qf3+ Ke7 44. Qe2 Kf7 45. g3 Ke7 46. d5 Kd8 47. dxe6 Ke7 48. Kg2 Qb1 49. g4 Qg6 50. h5 Qg5 51. Kg3 Qc5 52. Kh3 Qd5 53. Kh4 Kf6 54. Qf2+ Ke7 55. Qf7+ 1-0

[Event "Austrian Youth-ch U16 Girls 2024"]
[Site "Leibnitz"]
[Date "2024.03.28"]
[Round "7.2"]
[White "Poetscher, Katharina"]
[Black "Kotliar, Anfisa"]
[Result "0-1"]
[ECO "C10"]
[WhiteElo "1794"]
[BlackElo "1644"]
[Annotator "NA RC"]
[PlyCount "102"]
[EventDate "2024.03.23"]
[EventType "swiss"]
[EventCountry "AUT"]
[SourceTitle "playchess.com"]
[Source "ChessBase"]
[SourceQuality "1"]
[TimeControl "5400+30"]

1. e4 e6 2. d4 d5 3. Nc3 dxe4 4. Nxe4 Be7 5. Nf3 Nf6 6. Nxf6+ Bxf6 7. Be3 c5 8. c3 cxd4 9. Nxd4 a6 10. Qa4+ Bd7 11. Qb4 Qc7 12. Bd3 Nc6 13. Nxc6 Bxc6 14. O-O Be7 15. Qg4 O-O-O 16. Be2 h5 17. Qc4 Bd6 18. f4 g5 19. Bd4 Rhg8 20. Bf6 gxf4 21. Bf3 Bxf3 22. Qxc7+ Bxc7 23. Rxf3 Rd2 24. Rf2 Bb6 25. Bd4 Rxd4 26. cxd4 Bxd4 27. Rc1+ Kb8 28. Rc4 Bxf2+ 29. Kxf2 e5 30. Re4 Re8 31. Re2 e4 32. a3 Kc7 33. Rc2+ Kd6 34. b4 Re7 35. Rd2+ Ke6 36. Rc2 Rd7 37. Ke2 f5 38. Rc3 h4 39. Rh3 Rh7 40. Rc3 h3 41. g3 fxg3 42. Rxg3 Ke5 43. Rg5 Rd7 44. Rg3 Rh7 45. Rg5 Kf6 46. Rg8 f4 47. Rf8+ Rf7 48. Rh8 f3+ 49. Kf2 Ke5 50. Rxh3 e3+ 51. Kxe3 f2 0-1

[Event "Austrian Youth-ch U16 Girls 2024"]
[Site "Leibnitz"]
[Date "2024.03.28"]
[Round "7.3"]
[White "Wurm, Emily"]
[Black "Giselbrecht, Leefke"]
[Result "1-0"]
[ECO "B31"]
[WhiteElo "1536"]
[BlackElo "1695"]
[Annotator "NA RC"]
[PlyCount "89"]
[EventDate "2024.03.23"]
[EventType "swiss"]
[EventCountry "AUT"]
[SourceTitle "playchess.com"]
[Source "ChessBase"]
[SourceQuality "1"]
[TimeControl "5400+30"]

1. e4 c5 2. Be2 e6 3. d3 Nc6 4. c3 d5 5. Nd2 Bd6 6. Nb1 Nge7 7. f4 O-O 8. Nf3 b5 9. O-O c4 10. e5 Bc7 11. d4 f6 12. Be3 b4 13. b3 cxb3 14. axb3 bxc3 15. Nxc3 a6 16. Nb5 Bb6 17. Nd6 fxe5 18. fxe5 Nf5 19. Nxf5 Rxf5 20. Bd3 Rf8 21. Qe1 Qe7 22. Qg3 g6 23. Bh6 Nxd4 24. Nxd4 Bxd4+ 25. Kh1 Rxf1+ 26. Rxf1 Bb7 27. Bxg6 hxg6 28. Qxg6+ Kh8 29. Rf7 Qxf7 30. Qxf7 Bxe5 31. Qxb7 Rb8 32. Qxa6 Rxb3 33. g3 Rb1+ 34. Kg2 Rb2+ 35. Kh3 Kh7 36. Qxe6 Bb8 37. Be3 Re2 38. Qf5+ Kg7 39. Qd3 Ra2 40. Qxd5 Re2 41. Bd4+ Kh6 42. Qf7 Be5 43. Bxe5 Rxe5 44. Qf6+ Kh7 45. Qxe5 1-0

[Event "Austrian Youth-ch U16 Girls 2024"]
[Site "Leibnitz"]
[Date "2024.03.28"]
[Round "7.4"]
[White "Gaisberger, Nina"]
[Black "Donets, Alina"]
[Result "0-1"]
[ECO "C45"]
[WhiteElo "1711"]
[BlackElo "1658"]
[Annotator "NA RC"]
[PlyCount "102"]
[EventDate "2024.03.23"]
[EventType "swiss"]
[EventCountry "AUT"]
[SourceTitle "playchess.com"]
[Source "ChessBase"]
[SourceQuality "1"]
[TimeControl "5400+30"]

1. e4 e5 2. Nf3 Nc6 3. d4 exd4 4. Nxd4 Qh4 5. Nc3 Bb4 6. Qd3 Nf6 7. Ndb5 Kd8 8. Bd2 Bxc3 9. Nxc3 Nb4 10. Qc4 Nxc2+ 11. Kd1 Nxa1 12. Bd3 Qxf2 13. Rf1 Qxg2 14. e5 Qg4+ 15. Be2 Qxc4 16. Bxc4 Ng4 17. Bxf7 h6 18. Nd5 Rf8 19. Bc3 c6 20. Bb4 cxd5 21. Bxf8 Ne3+ 22. Ke2 Nxf1 23. Kxf1 Nc2 24. Bxg7 Ne3+ 25. Ke2 Nf5 26. Bf6+ Kc7 27. Bxd5 a5 28. Bc4 b6 29. Kf3 Nd4+ 30. Ke4 Nc6 31. Bg7 Bb7 32. Kf4 Re8 33. a4 Nd4 34. Bxh6 Rh8 35. Bg7 Rxh2 36. Bf6 Ne6+ 37. Ke3 Rxb2 38. Be7 Rc2 39. Bd6+ Kc8 40. Be2 Bc6 41. Bd1 Ra2 42. Bb3 Ra1 43. Bxe6 dxe6 44. Kd4 Rxa4+ 45. Kc3 b5 46. Kb2 Re4 47. Kc3 b4+ 48. Kb3 a4+ 49. Ka2 Bd5+ 50. Kb2 a3+ 51. Kb1 a2+ 0-1